TOP OF THE 1ST |
Vista Panthers batting - Pitching for Greenville 84s : RHP Andrés Vázquez
|
Pitching: RHP Andrés Vázquez
|
|
Batting: RHB Eugenio Lucero
|
0-0: Ball 1-0: Ball 2-0: Ground out 6-3 (Groundball, 6MS)
|
Batting: RHB Roberto Cruz
|
0-0: Called Strike 0-1: Ball 1-1: Foul Ball, location: 2F 1-2: Ball 2-2: Ball 3-2: Strikes out swinging
|
Batting: LHB Bob Cunningham
|
0-0: Swinging Strike 0-1: Called Strike 0-2: Ball 1-2: DOUBLE (Line Drive, 9LS)
|
Batting: SHB Mark Wells
|
0-0: Called Strike 0-1: Ball 1-1: Called Strike 1-2: Ball 2-2: Strikes out looking
|
Top of the 1st over - 0 run(s), 1 hit(s), 0 error(s), 1 left on base; Vista 0 - Greenville 0 |
BOTTOM OF THE 1ST |
Greenville 84s batting - Pitching for Vista Panthers : RHP Cris Rincón
|
Pitching: RHP Cris Rincón
|
|
Batting: RHB Carlos Torres
|
0-0: Ground out 5-3 (Groundball, 56S)
|
Batting: LHB Chris Moore
|
0-0: Swinging Strike 0-1: Ground out U3 (Groundball, 3)
|
Batting: RHB Enzo Díaz
|
0-0: Ball 1-0: Ball 2-0: Called Strike 2-1: Called Strike 2-2: Fly out, F8 (Flyball, 8RXD)
|
Bottom of the 1st over - 0 run(s), 0 hit(s), 0 error(s), 0 left on base; Vista 0 - Greenville 0 |
TOP OF THE 2ND |
Vista Panthers batting - Pitching for Greenville 84s : RHP Andrés Vázquez
|
Batting: LHB Jesús González
|
0-0: Called Strike 0-1: Ball 1-1: Called Strike 1-2: Ball 2-2: DOUBLE (Line Drive, 9LD)
|
Batting: RHB Javier Deleón
|
0-0: Called Strike 0-1: Ball 1-1: Foul Ball, location: 2F 1-2: Strikes out swinging
|
Batting: LHB Harry Pitts
|
0-0: Ground out 4-3 (Groundball, 4) Jesús González to third
|
Batting: RHB Salvador Salas
|
0-0: Called Strike 0-1: Foul Ball, location: 2F 0-2: Ball 1-2: Foul Ball, location: 2F 1-2: Ball 2-2: Ground out 6-3 (Groundball, 6)
|
Top of the 2nd over - 0 run(s), 1 hit(s), 0 error(s), 1 left on base; Vista 0 - Greenville 0 |
BOTTOM OF THE 2ND |
Greenville 84s batting - Pitching for Vista Panthers : RHP Cris Rincón
|
Batting: LHB Brock Larsen
|
0-0: Fly out, F6 (Popup, 56D)
|
Batting: LHB Jimmy Vickers
|
0-0: Called Strike 0-1: Foul Ball, location: 2F 0-2: Ground out 5-3 (Groundball, 56)
|
Batting: LHB Kiyonaga Morita
|
0-0: Called Strike 0-1: Called Strike 0-2: Ball 1-2: Strikes out looking
|
Bottom of the 2nd over - 0 run(s), 0 hit(s), 0 error(s), 0 left on base; Vista 0 - Greenville 0 |
TOP OF THE 3RD |
Vista Panthers batting - Pitching for Greenville 84s : RHP Andrés Vázquez
|
Batting: RHB Cisco Gatán
|
0-0: Foul Ball, location: 2F 0-1: Ball 1-1: Ball 2-1: Foul Ball, location: 2F 2-2: Foul Ball, location: 2F 2-2: Strikes out looking
|
Batting: RHB Eugenio Lucero
|
0-0: Foul Ball, location: 2F 0-1: Swinging Strike 0-2: Ball 1-2: Fly out, F9 (Flyball, 9M)
|
Batting: RHB Roberto Cruz
|
0-0: Ball 1-0: Ground out 5-3 (Groundball, 56)
|
Top of the 3rd over - 0 run(s), 0 hit(s), 0 error(s), 0 left on base; Vista 0 - Greenville 0 |
BOTTOM OF THE 3RD |
Greenville 84s batting - Pitching for Vista Panthers : RHP Cris Rincón
|
Batting: LHB José Costa
|
0-0: Ball 1-0: Ball 2-0: SOLO HOME RUN (Flyball, 9D), Distance : 360 ft
|
Batting: RHB Vic Langlois
|
0-0: Reached on Error, E9 (Flyball, 89M)
|
Batting: RHB Sugita Ito
|
0-0: Foul Ball, location: 2F 0-1: Ground out U3 (Groundball, 3S) Vic Langlois to second
|
Batting: RHB Carlos Torres
|
0-0: Ball 1-0: Fly out, F9 (Flyball, 89M)
|
Batting: LHB Chris Moore
|
0-0: Foul Ball, location: 2F 0-1: Foul Ball, location: 2F 0-2: Ground out 2-3 (Groundball, 2R)
|
Bottom of the 3rd over - 1 run(s), 1 hit(s), 1 error(s), 1 left on base; Vista 0 - Greenville 1 |
TOP OF THE 4TH |
Vista Panthers batting - Pitching for Greenville 84s : RHP Andrés Vázquez
|
Batting: LHB Bob Cunningham
|
0-0: Ball 1-0: Ball 2-0: Called Strike 2-1: Ball 3-1: Ground out 3-1 (Groundball, 34)
|
Batting: SHB Mark Wells
|
0-0: Called Strike 0-1: Ball 1-1: Ball 2-1: Foul Ball, location: 2F 2-2: Ball 3-2: Ground out 4-3 (Groundball, 4)
|
Batting: LHB Jesús González
|
0-0: Ball 1-0: Called Strike 1-1: Called Strike 1-2: Ground out U3 (Groundball, 3)
|
Top of the 4th over - 0 run(s), 0 hit(s), 0 error(s), 0 left on base; Vista 0 - Greenville 1 |
BOTTOM OF THE 4TH |
Greenville 84s batting - Pitching for Vista Panthers : RHP Cris Rincón
|
Batting: RHB Enzo Díaz
|
0-0: Ball 1-0: SINGLE (Line Drive, 56)
|
Batting: LHB Brock Larsen
|
0-0: Ball 1-0: SINGLE (Line Drive, 56D) Enzo Díaz to second
|
Batting: LHB Jimmy Vickers
|
0-0: Called Strike 0-1: Ball 1-1: SINGLE (Groundball, 34D) Enzo Díaz to third Brock Larsen to second
|
Batting: LHB Kiyonaga Morita
|
0-0: Ball 1-0: Called Strike 1-1: Foul Ball, location: 2F 1-2: SINGLE (Groundball, 3L) Enzo Díaz scores Brock Larsen to third Jimmy Vickers to second
|
Batting: LHB José Costa
|
0-0: Ball 1-0: Grounds into fielders choice 5-2 (Groundball, 5) Jimmy Vickers to third Kiyonaga Morita to second
|
Batting: RHB Vic Langlois
|
0-0: Ball 1-0: Ball 2-0: Fly out, F7 (Line Drive, 7D) Runner from 3rd tags up, SCORES, no throw Kiyonaga Morita to third
|
Batting: RHB Sugita Ito
|
0-0: Called Strike 0-1: Ball 1-1: Ball 2-1: Swinging Strike 2-2: Strikes out looking
|
Bottom of the 4th over - 2 run(s), 4 hit(s), 0 error(s), 2 left on base; Vista 0 - Greenville 3 |
TOP OF THE 5TH |
Vista Panthers batting - Pitching for Greenville 84s : RHP Andrés Vázquez
|
Batting: RHB Javier Deleón
|
0-0: Called Strike 0-1: Called Strike 0-2: SINGLE (Groundball, 6MD)
|
Batting: LHB Harry Pitts
|
0-0: Fly out, F8 (Flyball, 8RXD)
|
Batting: RHB Salvador Salas
|
0-0: Ground out 5-3 (Groundball, 6S) Javier Deleón to second
|
Batting: RHB Cisco Gatán
|
0-0: Ball 1-0: Ground out 4-3 (Groundball, 4)
|
Top of the 5th over - 0 run(s), 1 hit(s), 0 error(s), 1 left on base; Vista 0 - Greenville 3 |
BOTTOM OF THE 5TH |
Greenville 84s batting - Pitching for Vista Panthers : RHP Cris Rincón
|
Batting: RHB Carlos Torres
|
0-0: Ball 1-0: Foul Ball, location: 2F 1-1: Foul Ball, location: 2F 1-2: Foul Ball, location: 2F 1-2: Fly out, F8 (Flyball, 8RD)
|
Batting: LHB Chris Moore
|
0-0: Foul Ball, location: 2F 0-1: Foul Ball, location: 2F 0-2: Ball 1-2: Foul Ball, location: 2F 1-2: Ball 2-2: Ball 3-2: Ground out 4-3 (Groundball, 4)
|
Batting: RHB Enzo Díaz
|
0-0: Called Strike 0-1: Foul Ball, location: 2F 0-2: Ball 1-2: Foul Ball, location: 2F 1-2: Foul Ball, location: 2F 1-2: Strikes out swinging
|
Bottom of the 5th over - 0 run(s), 0 hit(s), 0 error(s), 0 left on base; Vista 0 - Greenville 3 |
TOP OF THE 6TH |
Vista Panthers batting - Pitching for Greenville 84s : RHP Andrés Vázquez
|
Batting: RHB Eugenio Lucero
|
0-0: Ball 1-0: Ball 2-0: Fly out, F7 (Line Drive, 78M)
|
Batting: RHB Roberto Cruz
|
0-0: Foul Ball, location: 2F 0-1: Ball 1-1: SINGLE (Line Drive, 8RS)
|
Batting: LHB Bob Cunningham
|
0-0: Ball 1-0: Called Strike 1-1: Ball 2-1: Foul Ball, location: 2F 2-2: Foul Ball, location: 2F 2-2: Fly out, F4 (Popup, 34D)
|
Batting: SHB Mark Wells
|
0-0: Ground out U3 (Groundball, 3S)
|
Top of the 6th over - 0 run(s), 1 hit(s), 0 error(s), 1 left on base; Vista 0 - Greenville 3 |
BOTTOM OF THE 6TH |
Greenville 84s batting - Pitching for Vista Panthers : RHP Cris Rincón
|
Batting: LHB Brock Larsen
|
0-0: Ball 1-0: Foul Ball, location: 2F 1-1: Foul Ball, location: 2F 1-2: Strikes out swinging
|
Batting: LHB Jimmy Vickers
|
0-0: SINGLE (Flyball, 7S)
|
Batting: LHB Kiyonaga Morita
|
0-0: Ball 1-0: Called Strike 1-1: Fielders Choice at 2nd, 3-6 (Groundball, 3)
|
Batting: LHB José Costa
|
0-0: Called Strike 0-1: Ground out 6-3 (Groundball, 6)
|
Bottom of the 6th over - 0 run(s), 1 hit(s), 0 error(s), 1 left on base; Vista 0 - Greenville 3 |
TOP OF THE 7TH |
Vista Panthers batting - Pitching for Greenville 84s : RHP Andrés Vázquez
|
Batting: LHB Jesús González
|
0-0: Swinging Strike 0-1: Ball 1-1: Ball 2-1: Foul Ball, location: 2F 2-2: Ground out 4-3 (Groundball, 4)
|
Batting: RHB Javier Deleón
|
0-0: Called Strike 0-1: Ball 1-1: Foul Ball, location: 2F 1-2: Strikes out swinging
|
Batting: LHB Harry Pitts
|
0-0: Ball 1-0: Swinging Strike 1-1: Swinging Strike 1-2: Ball 2-2: Foul Ball, location: 2F 2-2: Strikes out looking
|
Top of the 7th over - 0 run(s), 0 hit(s), 0 error(s), 0 left on base; Vista 0 - Greenville 3 |
BOTTOM OF THE 7TH |
Greenville 84s batting - Pitching for Vista Panthers : RHP Cris Rincón
|
Batting: RHB Vic Langlois
|
0-0: Ball 1-0: Foul Ball, location: 2F 1-1: Swinging Strike 1-2: Fly out, F4 (Popup, 4D)
|
Batting: RHB Sugita Ito
|
0-0: Called Strike 0-1: Fly out, F7 (Flyball, 78XD)
|
Batting: RHB Carlos Torres
|
0-0: Foul Ball, location: 2F 0-1: Hit by Pitch
|
Batting: LHB Chris Moore
|
0-0: Ball 1-0: Swinging Strike 1-1: Ball 2-1: Swinging Strike 2-2: Ball 3-2: SINGLE (Groundball, 6MD) Carlos Torres to second Carlos Torres to third
|
Batting: RHB Enzo Díaz
|
0-0: Ball 1-0: Ball 2-0: Called Strike Pickoff Throw to First - Out!
|
Bottom of the 7th over - 0 run(s), 1 hit(s), 0 error(s), 0 left on base; Vista 0 - Greenville 3 |
|